 Dungeon Crawl Stone Soup version 0.18-a0-1685-g4482fe3 (webtiles) character file.

37 Eucla the Insei (level 3, 0/23 HPs)
             Began as an Octopode Transmuter on Apr 4, 2016.
             Slain by an orc
             ... wielding a +0 hand axe
              (7 damage)
             ... on level 4 of the Dungeon.
             The game lasted 00:01:26 (1105 turns).

Eucla the Insei (Octopode Transmuter)               Turns: 1105, Time: 00:01:26

Health: 0/23       AC:  1    Str: 10    XL:     3   Next: 39%
Magic:  6/6        EV: 12    Int: 15    God:
Gold:   72         SH:  0    Dex: 12    Spells: 1 memorised, 5 levels left

rFire  . . .     SeeInvis .       - Unarmed
rCold  . . .     Gourm    .     (no shield)
rNeg   . . .     Faith    .     (helmet restricted)
rPois  .         Spirit   .     (no amulet)
rElec  .         Dismiss  .     (no ring)
rCorr  .         Reflect  .     (no ring)
SustAt .         Harm     .     (no ring)
MR     .....                    (no ring)
Stlth  ++........               (no ring)
                                (no ring)
                                (no ring)
                                (no ring)

@: not resistant to hostile enchantments, unstealthy
A: almost no armour, amphibious, 8 rings, constrict 8, camouflage 1, gelatinous
body 1
a: no special abilities


You were on level 4 of the Dungeon.
You were hungry.

You visited 1 branch of the dungeon, and saw 3 of its levels.

You collected 72 gold pieces.

Inventory:

Missiles
 a - 35 arrows
Armour
 g - a cursed -2 buckler
Scrolls
 f - 2 scrolls of remove curse {unknown}
 h - 2 scrolls of identify {unknown}
Potions
 d - a potion of heal wounds {unknown}
 e - a potion of ambrosia {unknown}
 i - a potion of flight {unknown}
Books
 b - a book of Changes

   Spells                             Type                      Level
   a - Beastly Appendage              Transmutation                1
   b - Sticks to Snakes               Transmutation                2
   c - Spider Form                    Transmutation/Poison         3
   d - Ice Form                       Ice/Transmutation            4
   e - Blade Hands                    Transmutation                5
Comestibles
 c - a bread ration


   Skills:
 - Level 1.0 Fighting
 - Level 2.0 Dodging
 + Level 0.2 Shields
 * Level 4.3 Unarmed Combat
 - Level 2.0 Spellcasting
 - Level 2.0 Transmutations


You had 5 spell levels left.
You knew the following spells:

 Your Spells              Type           Power        Failure   Level  Hunger
a - Beastly Appendage     Trmt           #.....       12%         1    #......


Dungeon Overview and Level Annotations

Branches:
Dungeon (2/15)

Altars:
Ashenzari
Kikubaaqudgha
Yredelemnul


Innate Abilities, Weirdness & Mutations

You cannot wear most types of armour.
You are amphibious.
You can wear up to eight rings at the same time.
You can use your tentacles to constrict eight enemies at once.
Your skin changes colour to match your surroundings (Stealth).
Your rubbery body absorbs attacks (AC +1).


Message History

a short sword; a chain mail; a club; an orc corpse; a giant cockroach corpse You tentacle-slap the orc.
You grab the orc. You squeeze the orc.
The orc is severely wounded.
You constrict the orc. The orc misses you.
You tentacle-slap the orc but do no damage.
You squeeze the orc.
The orc is almost dead.
You constrict the orc.
You kill the orc!
The orc barely misses you.
You see here a trident.
You tentacle-slap the orc. Your grab misses the orc.
You squeeze the orc, but do no damage.
The orc is lightly wounded.
The orc hits you with a hand axe.
You tentacle-slap the orc. You grab the orc.
The orc is severely wounded.
You constrict the orc, but do no damage.
The orc hits you with a hand axe!
You die...

.# #.# #.###.###.#
.#######.........#
.....)..####.#####
..##.........#
#.##.###### .. #.#
#.#.#####)#
.....#...@#
#.P....o#
#.......#
#.....P...#
#....#PPP.#
#o_..##...# #...


.PPP# #.. .P..## #o# ..P.# You could see an orc.

Vanquished Creatures
  A giant gecko (D:1)
  3 orcs (D:4)
  A ball python (D:1)
  4 bats (D:1)
  3 giant cockroaches
  4 goblins (D:1)
  5 hobgoblins
  3 giant newts (D:1)
  2 kobolds (D:1)
  5 rats (D:1)
31 creatures vanquished.

Notes
Turn   | Place    | Note
--------------------------------------------------------------
     0 | D:1      | Eucla the Octopode Transmuter began the quest for the Orb.
     0 | D:1      | Reached XP level 1. HP: 13/13 MP: 3/3
   229 | D:1      | Reached XP level 2. HP: 18/18 MP: 5/5
   588 | D:1      | Reached skill level 4 in Unarmed Combat
   648 | D:1      | Reached XP level 3. HP: 19/23 MP: 6/6
  1000 | D:2      | Found a basalt altar of Yredelemnul.
  1060 | D:2      | Found a shattered altar of Ashenzari.
  1067 | D:2      | You fall through a shaft for 2 floors!
  1075 | D:4      | Found an ancient bone altar of Kikubaaqudgha.
  1105 | D:4      | Slain by an orc

Vault maps used:
D:1:      dpeg_arrival_castle
D:2:      kennysheep_ying_yang, old_standard_altar,
          amethyst_overflow_temple_binary, first_bread
D:4:      kiku_gazebo_garden_becter, tgw_fedhas, enter_ossuary_4,
          corexii_leaking_fountain

Skill      XL: |  1  2 |
---------------+-------+-----
Unarmed Combat | 4 |  4.3
Fighting       | |  1.0
Dodging        | |  2.0
Shields        | |  0.2
Spellcasting   | |  2.0
Transmutations | |  2.0

Action                   || total
-------------------------++-------
Melee: Unarmed           ||    64
 Stab: Sleeping          ||     1
